 Dungeon Crawl Stone Soup version 0.32-a0 (webtiles) character file.

Game seed: 13769477953523516289

138551 James the Unseen (level 16, 0/80 HPs)
             Began as a Spriggan Enchanter on Jan 13, 2024.
             Was the Champion of Wu Jian.
             Slain by a two-headed ogre
             ... wielding a +0 giant club
              (12 damage)
             ... on level 15 of the Dungeon.
             The game lasted 02:24:46 (35964 turns).

James the Unseen (Spriggan Enchanter)              Turns: 35964, Time: 02:24:46

Health: 0/80       AC:  7    Str:  4    XL:     16   Next: 71%
Magic:  0/34       EV: 33    Int: 18    God:    Wu Jian [******]
Gold:   1041       SH:  6    Dex: 22    Spells: 14/41 levels left

rFire   + . .        b - +9 rapier (elec)
rCold   + . .        o - +0 buckler
rNeg    . . .        p - +2 robe {rC+}
rPois   +            r - +2 hat
rElec   .            S - +0 cloak {rPois}
rCorr   .            (gloves unavailable)
SInv    +            (boots unavailable)
Will    ++...        J - amulet of guardian spirit
Stlth   ++++++++     i - ring of protection from fire
HPRegen 0.33/turn    I - ring of flight
MPRegen 0.24/turn

%: guardian spirit
@: flying, studying 2 skills, very quick
A: very small, no large weapons, unfitting armour, see invisible, speed 3
a: Renounce Religion, Wall Jump, Serpent's Lash, Heavenly Storm


You were on level 15 of the Dungeon.
You worshipped Wu Jian.
Wu Jian was exalted by your worship.
You visited 5 branches of the dungeon, and saw 24 of its levels.
You also visited: Sewer, Ossuary and Gauntlet.

You collected 2643 gold pieces.
You spent 1602 gold pieces at shops.

Inventory:

Hand Weapons
 a - the +8 dagger "Gus Vol" {freeze, rN++ Stlth+}
   (You found it on level 2 of the Dungeon)

   rN++:      It greatly protects you from negative energy.
   Stlth+:    It makes you more stealthy.
 b - a +9 rapier of electrocution (weapon)
   (You took it off a merfolk aquamancer on level 1 of the Shoals)
 k - a +2 scimitar
   (You took it off a wight on level 8 of the Dungeon)
 N - a +2 sling of freezing
   (You found it on level 1 of the Lair of Beasts)
Missiles
 x - 17 curare-tipped darts (quivered) {!f}
 C - 39 poisoned darts
 G - 3 throwing nets {!f}
 Q - 20 boomerangs
Armour
 f - the +1 cloak of Vyhodum {rF++ rCorr Stlth-}
   (You found it in a Gauntlet)

   rF++:      It greatly protects you from fire.
   rCorr:     It protects you from acid and corrosion.
   Stlth-:    It makes you less stealthy.
 o - a +0 buckler (worn)
   (You took it off a tengu reaver on level 13 of the Dungeon)
 p - a +2 robe of cold resistance (worn)
   (You bought it in a shop on level 1 of the Dungeon)
 r - a +2 hat (worn)
   (You found it on level 2 of the Dungeon)
 P - +0 acid dragon scales
   (You found it on level 12 of the Dungeon)
 S - a +0 cloak of poison resistance (worn)
   (You found it in a Gauntlet)
Jewellery
 i - a ring of protection from fire (left hand)
   (You took it off a minotaur in a Gauntlet)
 u - a ring of positive energy
   (You found it on level 13 of the Dungeon)
 A - a +6 ring of strength
   (You found it on level 13 of the Dungeon)
 I - a ring of flight (right hand)
   (You found it on level 5 of the Dungeon)
 J - an amulet of guardian spirit (around neck)
   (You found it on level 1 of the Dungeon)
 O - a +4 ring of protection
   (You took it off a necromancer on level 15 of the Dungeon)
 T - a ring of willpower
   (You found it on level 13 of the Dungeon)
Wands
 d - a wand of iceblast (9)
   (You found it on level 11 of the Dungeon)
 s - a wand of polymorph (16)
   (You found it on level 1 of the Lair of Beasts)
 v - a wand of digging (4)
   (You found it on level 3 of the Dungeon)
 F - a wand of light (12)
   (You took it off Ijyb on level 4 of the Dungeon)
 L - a wand of charming (21)
   (You found it on level 5 of the Dungeon)
 R - a wand of mindburst (33)
   (You took it off a kobold on level 10 of the Dungeon)
Scrolls
 l - 11 scrolls of identify {@r1}
 n - 2 scrolls of revelation
 q - 6 scrolls of teleportation {@r4}
 y - 6 scrolls of fear
 E - 5 scrolls of blinking
 U - 3 scrolls of fog
 V - 3 scrolls of brand weapon
 Y - 4 scrolls of vulnerability {!r}
 Z - 5 scrolls of enchant armour
Potions
 c - 6 potions of invisibility
 e - 4 potions of enlightenment
 g - 5 potions of magic
 h - 2 potions of mutation {!q}
 j - 15 potions of curing {@q1}
 m - a potion of cancellation
 w - 3 potions of brilliance
 z - 3 potions of haste {@q3}
 D - 4 potions of might
 K - 5 potions of heal wounds {@q2}
 M - 2 potions of resistance
 W - 4 potions of berserk rage
Miscellaneous
 t - a lightning rod (4/4) {!a}
   (You found it on level 5 of the Lair of Beasts)
 B - a sack of spiders
   (You found it on level 5 of the Lair of Beasts)
 X - a phial of floods
   (You found it on level 3 of the Lair of Beasts)


   Skills:
 + Level 7.4 Fighting
 - Level 14.0 Short Blades
 + Level 17.3 Dodging
 + Level 20.3 Stealth
 - Level 6.0 Shields
 + Level 13.4 Spellcasting
 - Level 1.0 Conjurations
 + Level 13.4 Hexes
 - Level 5.0 Summonings
 - Level 4.0 Translocations
 - Level 1.0 Ice Magic
 - Level 10.0 Alchemy


You had 14 spell levels left.
You knew the following spells:

 Your Spells              Type           Power      Damage    Failure   Level
a - Confusing Touch       Hex            57%        N/A       1%          3
b - Dazzling Flash        Conj/Hex       74%        N/A       1%          3
c - Blink                 Tloc           52%        N/A       2%          2
d - Tukima's Dance        Hex            57%        N/A       1%          3
e - Yara's Violent Unrav  Hex/Alch       26%        3d11      2%          5
f - Cause Fear            Hex            28%        N/A       1%          4
w - Summon Mana Viper     Hex/Summ       45%        N/A       6%          5
x - Ensorcelled Hibernat  Hex/Ice        74%        N/A       1%          2

Your spell library contained the following spells:

 Spells                   Type           Power      Damage    Failure   Level
 Inner Flame              Hex/Fire       36%        N/A       1%          3
 Lesser Beckoning         Tloc           52%        N/A       2%          2
 Cigotuvi's Dreadful Rot  Necr/Alch/Air  48%        N/A       3%          2
 Momentum Strike          Conj/Tloc      42%        3d9       5%          2
 Gell's Gravitas          Tloc           26%        N/A       5%          3
 Teleport Other           Tloc           26%        N/A       5%          3
 Magic Dart               Conj           60%        1d6       6%          1
 Mephitic Cloud           Conj/Alch/Air  25%        N/A       6%          3
 Foxfire                  Conj/Fire      52%        2x1d6     8%          1
 Kiss of Death            Conj/Necr      52%        2d9       8%          1
 Shock                    Conj/Air       52%        1d6       8%          1
 Summon Ice Beast         Ice/Summ       22%        N/A       9%          3
 Necrotise                Necr           48%        1d6       10%         1
 Searing Ray              Conj           30%        2d5       10%         2
 Fulminant Prism          Conj/Alch      15%        3d10      10%         4
 Ignite Poison            Fire/Alch      30%        N/A       12%         4
 Petrify                  Alch/Erth      30%        N/A       12%         4
 Scorch                   Fire           24%        2d6       14%         2
 Sublimation of Blood     Necr           12%        N/A       14%         2
 Eringya's Noxious Bog    Alch           24%        4d6       24%         6
 Fugue of the Fallen      Necr           12%        N/A       28%         3
 Swiftness                Air            12%        N/A       28%         3
 Vampiric Draining        Necr           12%        2d6       28%         3
 Irradiate                Conj/Alch      15%        3d16      28%         5
 Animate Armour           Summ/Erth      42%        N/A       34%         4
 Martyr's Knell           Necr/Summ      21%        N/A       34%         4
 Summon Lightning Spire   Summ/Air       21%        N/A       34%         4
 Summon Forest            Summ/Tloc      14%        N/A       38%         5
 Flame Wave               Conj/Fire      13%        2d6       61%         4
 Airstrike                Air            6%         2d(1-17)  67%         4
 Animate Dead             Necr           12%        N/A       67%         4
 Summon Cactus Giant      Summ           15%        N/A       88%         6
 Curse of Agony           Necr           12%        N/A       95%         5
 Lee's Rapid Deconstruct  Erth           6%         3d6*      95%         5
 Monstrous Menagerie      Summ           15%        N/A       100%        7
 Shatter                  Erth           6%         3d9*      100%        9


Dungeon Overview and Level Annotations

Branches:
Dungeon (15/15)            Temple (1/1) D:7            Lair (5/5) D:11
 Shoals (1/4) Lair:3        Snake (0/4) Lair:3        Slime (0/5) Lair:4
    Orc (2/2) D:12            Elf (0/3) Orc:2        Vaults (0/5) D:14
 Depths (0/4) D:15          Sewer (visited)         Ossuary (visited)
Gauntlet (visited)

Altars:
Ashenzari
Cheibriados
Dithmenos
Elyvilon
Fedhas
Gozag
Hepliaklqana
Kikubaaqudgha
Makhleb
Nemelex Xobeh
Okawaru
Qazlal
Ru
Sif Muna
Trog
Uskayaw
Vehumet
Wu Jian
Xom
Yredelemnul
Zin
The Shining One
Jiyva
Lugonu

Shops:
D:1 [   D:6 *   D:7 *   D:9 !   Orc:2 *[:(*

Portals:
Abyss: Lair:5

Annotations:
D:13 2 runed translucent doors
D:15 Cuam's ghost, journeyman TrCK
Shoals:1 3 runed translucent doors, Zifaik's ghost, adept GrFi


Innate Abilities, Weirdness & Mutations

You are very small and have problems with some larger weapons.
You are too small for most types of armour.
You have supernaturally acute eyesight. (SInv)
You cover ground extremely quickly. (Speed+++)


Message History

What level of the Dungeon? (default 15, ? - help)
There is an open door here.
Things that are here:
a +0 leather armour; a +0 rapier
There is a stone staircase leading down, spattered with blood here.
You fly downwards.
Level annotation: 2 runed translucent doors
There is a stone staircase leading up, spattered with blood here.
You see here a +0 flail.
Things that are here:
a +0 chain mail; a +0 long sword
There is a stone staircase leading down, spattered with blood here.
You fly downwards.
There is a stone staircase leading up here.
There is a stone staircase leading down here.
You fly downwards.
Level annotation: Cuam's ghost, journeyman TrCK
There is a stone staircase leading up here.
Done exploring.
There is a transporter landing site here.
There is a transporter here.
You enter the transporter and appear at another place.
The frost giant gestures at you while chanting.
The bolt of cold misses you.
You puncture Cuam's ghost! You hit Cuam's ghost but do no damage.
Lightning courses through Cuam's ghost!!
Cuam's ghost wails.
Cuam's ghost hits you!!
You hit Cuam's ghost but do no damage. You hit Cuam's ghost.
Cuam's ghost hits you!!!
* * * LOW HITPOINT WARNING * * *
You barely miss Cuam's ghost. You miss Cuam's ghost. Cuam's ghost hits you!!!
* * * LOW HITPOINT WARNING * * *
You feel much better. Cuam's ghost hits you!!
* * * LOW HITPOINT WARNING * * *
Cuam's ghost attacks as it pursues you! You block Cuam's ghost's attack.
Cuam's ghost screams, "I'll kill anyone who wants the ORB!"
There is a transporter here.
You enter the transporter and appear at another place.
Press: ? - help, v - describe, . - travel
Here: Cuam's ghost (lightly damaged, fire blocked by a translucent stone wall)
The floor.
There is a transporter here.
You enter the transporter and appear at another place.
There are monsters nearby!
You puncture the two-headed ogre!
The two-headed ogre hits you with a +0 giant club!
You die...

.# #............†# #.....#
.###.............# #.....#
..##.............######.....#
..##........................#
.###........................# .#
#........................# .#
#........................# .#
######.#############.....####
.########.#.)...@C...$#........#
.....≈≈##.#)#..#O#..#.#.########
......≈##.#..##.(.##..#.#
.########.#..##...##..#.#
.#ep#####.#.#..#.#WW#.#.#
.#e###....#...[!![$..©#.#
.#####....#############.#
.####..........§.©......#
≈##.....................########


You could see a frost giant, a two-headed ogre and Cuam's ghost.

Vanquished Creatures
  Agnes (D:14)
  A tengu reaver (D:13)
  A frost giant (D:15)
  An orc warlord (Orc:2)
  3 very ugly things
  A war gargoyle (D:12)
  A minotaur (Gauntlet)
  Snorg (D:10)
  A fire dragon (D:15)
  An entropy weaver (Gauntlet)
  3 vault guards (D:14)
  An ogre mage (D:11)
  4 hydras
  A rakshasa (D:13)
  6 boulder beetles
  5 centaur warriors
  3 catoblepae
  A merfolk aquamancer (Shoals:1)
  5 two-headed ogres
  6 death yaks (Lair:2)
  4 orc high priests (Orc:2)
  4 tengu warriors
  Urug (D:12)
  The ghost of chuckiee3 the Cruncher, a novice DsGl of Cheibriados (D:8)
  A vampire mage (D:15)
  3 occultists (D:15)
  4 thrashing horrors (Lair:5)
  2 hell knights (D:15)
  Sonja (Orc:1)
  A fire crab (Gauntlet)
  2 skysharks
  Amaemon (D:10)
  4 sea snakes (Shoals:1)
  2 flayed ghosts (D:15)
  A necromancer (D:15)
  8 orc knights
  A lindwurm (Lair:3)
  2 deep elf pyromancers
  A wolf spider (Gauntlet)
  The ghost of Frosty the Poker, a novice GrEE (D:6)
  25 ugly things
  2 sphinx simulacra (D:15)
  10 manticores
  2 fauns (Shoals:1)
  4 orc sorcerers (Orc:2)
  10 cyclopes
  An oklob plant (Lair:4)
  2 kobold blastminers (Orc:1)
  A merfolk siren (Shoals:1)
  6 meliai
  14 elephants
  A meliai (shapeshifter) (Lair:5)
  2 large abominations (Lair:5)
  6 black mambas
  2 smoke demons (Lair:5)
  Joseph (D:10)
  4 orange demons
  2 gargoyles
  6 rime drakes
  11 cane toads
  An unseen horror (D:11)
  2 kobold demonologists
  7 yaktaurs
  An efreet (D:14)
  4 tengu conjurers (D:14)
  A queen bee (D:13)
  14 komodo dragons
  6 trolls
  A hornet (D:9)
  3 merfolk (Shoals:1)
  2 polar bears
  A wind drake (shapeshifter) (D:14)
  29 blink frogs
  3 raiju (Lair:5)
  A raiju (shapeshifter) (D:13)
  A wind drake (Shoals:1)
  A snapping turtle (Shoals:1)
  5 slime creatures
  9 dream sheep
  3 spriggan zombies (D:15)
  2 fire dragon skeletons (D:15)
  A jumping spider (Gauntlet)
  A shadow (D:8)
  A centaur simulacrum (D:15)
  A spriggan (Lair:5)
  A vampire (D:13)
  3 water elementals (Shoals:1)
  2 fire elementals (Lair:5)
  5 wraiths
  9 basilisks
  11 small abominations (Lair:5)
  9 wyverns
  34 yaks
  2 ynoxinuls (Lair:5)
  A warg (Orc:2)
  3 humans (D:14)
  5 vampire mosquitoes
  3 fire bats (Gauntlet)
  A redback (Gauntlet)
  A steam dragon (D:8)
  Menkaure (Ossuary)
  A chaos spawn (Lair:5)
  2 nagas (Lair:3)
  3 acid dragons
  A hell hound (Gauntlet)
  9 water moccasins
  2 sky beasts (D:7)
  34 orc warriors
  An ice beast (D:5)
  5 black bears
  2 laughing skulls (D:14)
  3 ogres
  6 wolves (Lair:2)
  A phantom (D:5)
  3 centaurs
  12 kobold brigands
  13 bullfrogs
  A gnoll sergeant (D:11)
  6 scorpions
  7 jellies
  7 wights
  47 killer bees
  5 electric eels
  5 howler monkeys
  24 orc priests
  3 bombardier beetles
  A hound (D:5)
  A sleepcap (D:5)
  6 iguanas
  22 orc wizards
  Ijyb (D:4)
  4 mummies
  7 gnolls
  2 river rats (Sewer)
  9 adders
  A shadow imp (D:4)
  A white imp (D:5)
  2 ufetubi (D:6)
  8 ribbon worms
  2 dart slugs (D:1)
  85 orcs
  11 endoplasms
  2 giant cockroaches (D:3)
  12 goblins
  7 hobgoblins
  3 jackals (D:1)
  22 kobolds
  3 quokkas
  10 ball pythons
  7 bats
  6 frilled lizards
  6 gnoll skeletons (Ossuary)
  4 gnoll zombies (Ossuary)
  2 goblin skeletons (Ossuary)
  6 goblin zombies (Ossuary)
  4 hobgoblin skeletons (Ossuary)
  3 hobgoblin zombies (Ossuary)
  4 kobold skeletons (Ossuary)
  4 kobold zombies (Ossuary)
  5 orc skeletons (Ossuary)
  4 orc zombies (Ossuary)
  9 rats
  4 rat skeletons (Ossuary)
  4 rat zombies (Ossuary)
893 creatures vanquished.

Vanquished Creatures (others)
  2 vampire mosquitoes (D:12)
  An orc wizard (Orc:2)
3 creatures vanquished.

Grand Total: 896 creatures vanquished

Notes
Turn   | Place    | Note
-------+----------+-------------------------------------------
     0 | D:1      | James the Spriggan Enchanter began the quest for the Orb.
     0 | D:1      | Reached XP level 1. HP: 9/9 MP: 5/5
    76 | D:1      | Found Zaapt's Antique Armour Shop.
   153 | D:1      | Reached XP level 2. HP: 8/13 MP: 4/6
   296 | D:1      | Learned a level 2 spell: Ensorcelled Hibernation
   576 | D:1      | Got the Omnibus of Venom
   667 | D:1      | Reached XP level 3. HP: 15/16 MP: 6/8
   933 | D:2      | Got Kikubaaqudgha's Vademecum on Wicked Acts
   965 | D:2      | Identified the +8 dagger "Gus Vol" {freeze, rN++ Stlth+}
  1095 | D:1      | Bought an embroidered robe for 70 gold pieces
  1307 | D:2      | Learned a level 3 spell: Confusing Touch
  1311 | D:2      | Learned a level 3 spell: Tukima's Dance
  1440 | D:2      | Reached skill level 5 in Stealth
  1493 | D:2      | Reached XP level 4. HP: 21/21 MP: 10/10
  1514 | D:2      | Identified the +1 falchion "Eli Erif" {venom, rF+ Will-
                  | Int+2}
  1972 | D:3      | Found a stormy altar of Qazlal.
  2263 | D:3      | Found a glowing drain.
  2267 | Sewer    | Entered a sewer
  2324 | Sewer    | Reached XP level 5. HP: 15/24 MP: 6/11
  2632 | Sewer    | Learned a level 3 spell: Dazzling Flash
  2718 | D:3      | Reached skill level 6 in Stealth
  2718 | D:3      | Reached XP level 6. HP: 28/28 MP: 8/13
  3117 | D:3      | Found a glowing golden altar of the Shining One.
  3507 | D:4      | Reached skill level 5 in Hexes
  3833 | D:4      | Reached skill level 1 in Fighting
  3833 | D:4      | Reached XP level 7. HP: 33/33 MP: 11/14
  4034 | D:4      | Noticed Ijyb
  4039 | D:4      | Killed Ijyb
  4040 | D:4      | Reached skill level 1 in Ice Magic
  4143 | D:4      | Found a hazy altar of Hepliaklqana.
  4301 | D:5      | Entered Level 5 of the Dungeon
  4323 | D:5      | Reached skill level 5 in Short Blades
  4449 | D:5      | Reached skill level 7 in Stealth
  4451 | D:5      | Found a sand-covered staircase.
  4462 | Ossuary  | Entered an ossuary
  4885 | Ossuary  | Noticed Menkaure
  4897 | Ossuary  | Killed Menkaure
  4898 | Ossuary  | Reached skill level 5 in Spellcasting
  4907 | Ossuary  | Reached XP level 8. HP: 37/37 MP: 13/16
  5797 | D:5      | Found a sparkling altar of Nemelex Xobeh.
  5825 | D:6      | Reached skill level 5 in Dodging
  5892 | D:6      | Found a shadowy altar of Dithmenos.
  5922 | D:6      | Identified the +4 plate armour of Forking Paths {-Tele
                  | rElec rPois Slay+5}
  5985 | D:6      | Reached skill level 8 in Stealth
  6408 | D:6      | Found Pesasm's General Store.
  6625 | D:6      | Bought a +0 cloak for 49 gold pieces
  6657 | D:7      | Reached XP level 9. HP: 41/41 MP: 16/19
  6796 | D:7      | Found a staircase to the Ecumenical Temple.
  6799 | D:7      | Reached skill level 9 in Stealth
  6807 | Temple   | Entered the Ecumenical Temple
  6823 | Temple   | Became a worshipper of the Wu Jian Council
  6876 | D:7      | Found Dumig Ynkim's General Store.
  7051 | D:7      | Found a runed translucent gate.
  7057 | D:7      | Found a runed translucent gate.
  7057 | D:7      | Found a runed translucent gate.
  7059 | D:7      | Noticed Frosty's ghost (novice GrEE)
  7485 | D:8      | Found a runed translucent gate.
  7485 | D:8      | Found a runed translucent gate.
  7485 | D:8      | Found a runed translucent gate.
  7897 | D:8      | Reached skill level 10 in Stealth
  7915 | D:8      | Reached * piety under Wu Jian
  8098 | D:8      | Reached XP level 10. HP: 46/46 MP: 20/22
  8363 | D:8      | Found a burning altar of Makhleb.
  8672 | D:9      | Found a bloodstained altar of Trog.
  8696 | D:9      | Found a shimmering altar of Xom.
  8988 | D:9      | Found Eheddac's Distillery.
  9211 | D:9      | Noticed a two-headed ogre
  9223 | D:9      | Killed a two-headed ogre
  9224 | D:9      | Reached skill level 10 in Short Blades
  9319 | D:9      | Reached skill level 11 in Stealth
  9517 | D:10     | Entered Level 10 of the Dungeon
  9536 | D:10     | Identified the +2 robe "Jismoad" {rF- rN+++ Will- Str+9}
  9553 | D:10     | Noticed Snorg
  9608 | D:10     | Reached skill level 1 in Conjurations
  9786 | D:10     | Reached ** piety under Wu Jian
  9878 | D:10     | Noticed Amaemon
 10258 | D:10     | Noticed an orange demon
 10314 | D:10     | Killed an orange demon
 10371 | D:10     | Noticed Joseph
 10378 | D:10     | Killed Joseph
 10379 | D:10     | Reached XP level 11. HP: 50/50 MP: 21/24
 10571 | D:10     | Killed Amaemon
 10572 | D:10     | Reached skill level 12 in Stealth
 10663 | D:10     | Found a sacrificial altar of Ru.
 10726 | D:10     | Killed Snorg
 10880 | D:11     | Identified the +6 flail of Bodily Harmony {spect, Dex+2}
 11379 | D:11     | Noticed an ogre mage
 11696 | D:11     | Reached skill level 10 in Hexes
 11836 | D:11     | Found a staircase to the Lair.
 11958 | D:11     | Reached skill level 10 in Dodging
 12025 | D:11     | Found a staircase to the Lair.
 12826 | D:11     | Killed an ogre mage
 12827 | D:11     | Reached skill level 13 in Stealth
 12982 | D:11     | Found a staircase to the Lair.
 13650 | D:8      | Noticed chuckiee3's ghost (novice DsGl)
 13778 | Lair:1   | Entered Level 1 of the Lair of Beasts
 13849 | Lair:1   | Noticed a boulder beetle
 13857 | Lair:1   | Killed a boulder beetle
 13858 | Lair:1   | Reached skill level 10 in Spellcasting
 14159 | Lair:1   | Reached *** piety under Wu Jian
 14547 | Lair:2   | Noticed a death yak
 14548 | Lair:2   | Noticed a death yak
 14549 | Lair:2   | Noticed a death yak
 14550 | Lair:2   | Noticed a death yak
 14552 | Lair:2   | Noticed a death yak
 14552 | Lair:2   | Noticed a death yak
 14553 | Lair:2   | Killed a death yak
 14554 | Lair:2   | Reached XP level 12. HP: 56/56 MP: 27/27
 14558 | Lair:2   | Killed a death yak
 14561 | Lair:2   | Killed a death yak
 14562 | Lair:2   | Reached skill level 14 in Stealth
 14563 | Lair:2   | Killed a death yak
 14568 | Lair:2   | Killed a death yak
 14580 | Lair:2   | Killed a death yak
 14837 | Lair:2   | Noticed a four-headed hydra
 14844 | Lair:2   | Killed a four-headed hydra
 14937 | Lair:2   | You are sucked into a shaft and drop 2 floors!
 14945 | Lair:3   | Found a staircase to the Snake Pit.
 15235 | Lair:2   | Reached skill level 15 in Stealth
 15902 | Lair:3   | Noticed a five-headed hydra
 15911 | Lair:2   | Reached **** piety under Wu Jian
 16230 | Lair:3   | Reached XP level 13. HP: 63/63 MP: 29/29
 16319 | Lair:3   | Found a staircase to the Shoals.
 16404 | Lair:3   | Reached skill level 5 in Fighting
 16880 | Lair:3   | Found a shimmering blue altar of Sif Muna.
 17284 | Lair:4   | Reached skill level 16 in Stealth
 17322 | Lair:4   | Reached ***** piety under Wu Jian
 17492 | Lair:4   | Learned a level 2 spell: Blink
 17828 | Lair:4   | Found a viscous altar of Jiyva.
 17835 | Lair:4   | Found a staircase to the Slime Pits.
 17861 | Lair:4   | Found a blossoming altar of Fedhas.
 18577 | Lair:5   | Entered Level 5 of the Lair of Beasts
 18662 | Lair:5   | Found a gate leading to a gauntlet.
 18694 | Gauntlet | Entered a Gauntlet
 18694 | Gauntlet | Found a transporter.
 18694 | Gauntlet | Found a transporter.
 18694 | Gauntlet | Found a transporter.
 18703 | Gauntlet | Found a transporter.
 18713 | Gauntlet | Found a transporter.
 18728 | Gauntlet | Found a transporter.
 18738 | Gauntlet | Found a transporter.
 18753 | Gauntlet | Found a transporter.
 18759 | Gauntlet | Found a transporter.
 18806 | Gauntlet | Found a transporter.
 18806 | Gauntlet | Found a transporter.
 18809 | Gauntlet | Found a transporter.
 18878 | Gauntlet | Reached skill level 17 in Stealth
 19071 | Gauntlet | Identified the +1 cloak of Vyhodum {rF++ rCorr Stlth-}
 19123 | Gauntlet | Noticed a minotaur
 19130 | Gauntlet | Killed a minotaur
 19135 | Gauntlet | Identified the +2 ring mail "Kidigg" {Harm Regen+ Dex+2}
 19202 | Lair:5   | Reached XP level 14. HP: 68/68 MP: 32/32
 19253 | Lair:4   | Learned a level 5 spell: Summon Mana Viper
 19322 | Lair:5   | Reached skill level 1 in Summonings
 20297 | Lair:5   | Found a corrupted altar of Lugonu.
 20328 | Lair:5   | Found a one-way gate to the infinite horrors of the Abyss.
 20873 | Lair:5   | Reached skill level 18 in Stealth
 21099 | Lair:5   | Reached skill level 15 in Dodging
 21709 | Lair:5   | Found a corrupted altar of Lugonu.
 21709 | Lair:5   | Found a one-way gate to the infinite horrors of the Abyss.
 22591 | D:6      | Killed Frosty's ghost
 22855 | D:8      | Killed chuckiee3's ghost
 22903 | D:8      | Reached ****** piety under Wu Jian
 23304 | D:12     | Noticed Urug
 23315 | D:12     | Killed Urug
 23856 | D:12     | Found a staircase to the Orcish Mines.
 25152 | D:13     | Found a runed translucent door.
 25152 | D:13     | Found the +2 shield of Resistance {rF++ rC++ Will++}
 25155 | D:13     | Found a runed translucent door.
 25324 | D:13     | Noticed a tengu reaver
 25347 | D:13     | Killed a tengu reaver
 25348 | D:13     | Reached skill level 19 in Stealth
 25348 | D:13     | Reached XP level 15. HP: 61/73 MP: 17/33
 26715 | D:13     | Found a runed translucent door.
 27558 | Orc:1    | Entered Level 1 of the Orcish Mines
 27676 | Orc:1    | Reached skill level 1 in Shields
 27917 | Orc:2    | Entered Level 2 of the Orcish Mines
 27917 | Orc:2    | Found Ematenapn's Assorted Antiques.
 27941 | Orc:2    | Bought a scroll labelled VUCUIM OKKU for 33 gold pieces
 28375 | Orc:1    | Noticed Sonja
 28413 | Orc:1    | Killed Sonja
 28780 | Orc:2    | Found a staircase to the Elven Halls.
 29313 | Orc:2    | Reached skill level 5 in Shields
 29481 | Orc:2    | Found Hoovoum's General Store.
 29482 | Orc:2    | Found Ifunuty's Book Emporium.
 29484 | Orc:2    | Found Lamefo's Antique Armour Emporium.
 29484 | Orc:2    | Found Bepaf's Antique Weapon Shoppe.
 29992 | Orc:2    | Found Lamefo's Antique Armour Emporium.
 29993 | Orc:2    | Found Bepaf's Antique Weapon Shoppe.
 29995 | Orc:2    | Found Hoovoum's General Store.
 29995 | Orc:2    | Found Ifunuty's Book Emporium.
 30050 | Orc:2    | Found a staircase to the Elven Halls.
 30091 | Orc:2    | Found Ematenapn's Assorted Antiques.
 30495 | Orc:2    | Bought the Collected Works on Jinxing for 570 gold pieces
 30500 | Orc:2    | Learned a level 4 spell: Cause Fear
 30506 | Orc:2    | Learned a level 5 spell: Yara's Violent Unravelling
 30707 | D:6      | Bought a manual of Alchemy for 880 gold pieces
 30901 | D:13     | Reached skill level 1 in Alchemy
 31496 | D:14     | Noticed Agnes
 31502 | D:14     | Killed Agnes
 31524 | D:14     | Reached skill level 5 in Alchemy
 32405 | D:14     | Found a gate to the Vaults.
 32760 | D:15     | Entered Level 15 of the Dungeon
 32800 | D:15     | Reached XP level 16. HP: 77/77 MP: 34/34
 32878 | D:15     | Reached skill level 1 in Translocations
 33089 | D:15     | Found a transporter.
 33115 | D:15     | Found a transporter.
 33148 | D:15     | Identified the +5 great mace "Ilasatso" {freeze, *Corrode
                  | rF+ Dex+4}
 33149 | D:15     | Noticed Cuam's ghost (journeyman TrCK)
 33479 | D:15     | Reached skill level 20 in Stealth
 33711 | D:15     | Reached skill level 5 in Summonings
 34054 | D:15     | Reached skill level 10 in Alchemy
 34287 | D:15     | Found a staircase to the Depths.
 34363 | D:15     | Got the Compendium of Wildfire
 34367 | D:15     | Got the Volume of the Fault
 34369 | D:15     | Got Xeteoc's Directory of Darkness
 34874 | Shoals:1 | Entered Level 1 of the Shoals
 35417 | Shoals:1 | Found a runed translucent gate.
 35417 | Shoals:1 | Found a runed translucent gate.
 35429 | Shoals:1 | Found a runed translucent gate.
 35468 | Shoals:1 | Noticed Zifaik's ghost (adept GrFi)
 35964 | D:15     | Slain by a two-headed ogre

Illustrated notes

Levels and vault maps discovered:
D:1:      ncdulo_wetmaze, layout_rooms, serial_shops, shop, bh_walls_and_bars
D:2:      layout_basic, serial_glass, glass_columns_a, glass_columns_a,
          glass_columns_a, minmay_tromino_v4_c
D:3:      layout_basic, mainiacjoe_overflow_alcove_1, mainiacjoe_overflow_paths,
          gup_sewer_entry_spiral, kennysheep_decorative_pillar,
          minmay_strange_pillars
D:4:      layout_basic, nicolae_hepliaklqana_hippocampus, uniq_ijyb
D:5:      layout_loops_corners, overflow_temple_1_default,
          gup_ossuary_entry_pyramid
D:6:      layout_rooms, mainiacjoe_overflow_24_doors, serial_shops,
          nicolae_shop_stone
D:7:      layout_loops_ring, minmay_temple_entry_antechambers, serial_shops,
          nicolae_shop_gibbet_a_chance, gammafunk_ghost_nasty_kobolds
D:8:      layout_basic, mainiacjoe_overflow_small_starburst,
          gammafunk_ghost_spectres, kennysheep_generic_room_3
D:9:      layout_cave_pools, xom_teletrap_fun, bloody_trog, serial_shops, shop
D:10:     layout_irregular_city, mainiacjoe_overflow_catwalk, uniq_snorg,
          uniq_joseph, uniq_amaemon
D:11:     layout_loops_ring, lair_entry_dummy, grunt_tough_drop
D:12:     layout_basic, uniq_urug
D:13:     regret_index_bee_streams, layout_basic,
          minmay_guarded_unrand_resistance
D:14:     layout_layer_cave, grunt_vaults_entry_fortified,
          grunt_decor_resistance, uniq_agnes
D:15:     regret_index_condemned_cage, layout_irregular_city,
          gammafunk_ghost_smash, solitary_fountain, minmay_between
Temple:   cyrus_circular_temple
Lair:1:   layout_misc_corridors
Lair:2:   layout_roguey
Lair:3:   regret_index_malice_mire, layout_loops_ring, shoals_dummy_entry,
          guppyfry_snake_entry_garden, basic_altar, serial_bayou_shore_a,
          lemuel_fruit_fields
Lair:4:   layout_regular_city, nicolae_slime_entry_field_trip, tgw_fedhas,
          grunt_megastairs_5, infiniplex_staircase_pool, lemuel_fruit_tree
Lair:5:   hellmonk_lair_end_abyssal_woods, layout_gridlike,
          gauntlet_entry_generic, serial_bayou_shore_b
Shoals:1: layout_shoals, ebering_ghost_rock_garden
Orc:1:    layout_caves, uniq_sonja
Orc:2:    st_orc_congregation, layout_diamond_mine, serial_shops,
          nicolae_shop_tiny_waterfront, einodemon_barbed_minivault

Skill      XL: |  1  2  3  4  5  6  7  8  9 10 11 12 13 14 15 16 |
---------------+-------------------------------------------------+-----
Dodging        | 3 4 6 7 9 11 12 14 15 16 17 | 17.3
Spellcasting   | 3 4 5 6 7 8 10 11 13 | 13.4
Short Blades   | 2 3 4 6 7 9 10 11 13 14 | 14.0
Hexes          | 4 5 6 7 9 11 12 13 | 13.4
Stealth        | 5 6 7 8 10 11 13 15 17 19 20 | 20.3
Fighting       | 1 2 3 4 5 6 7 |  7.4
Ice Magic      | 1 |  1.0
Conjurations   | 1 |  1.0
Summonings     | 4 5 |  5.0
Shields        | 6 |  6.0
Alchemy        | 8 10 | 10.0
Translocations | 4 |  4.0

Action                     |  1- 3 |  4- 6 |  7- 9 | 10-12 | 13-15 | 16-18 || total
---------------------------+-------+-------+-------+-------+-------+-------++-------
  Melee: Dagger            |   152 |   144 |   315 |   431 |  1242 |   211 ||  2495
         Punch             |     2 |       |       |       |       |       ||     2
         Rapier            |       |       |       |       |       |     8 ||     8
   Fire: Sling             |       |       |       |     3 |       |       ||     3
   Cast: Ensorcelled Hiber |     2 |    14 |    22 |    74 |   254 |    59 ||   425
         Confusing Touch   |       |     1 |     5 |     4 |    42 |    11 ||    63
         Summon Mana Viper |       |       |       |       |     1 |       ||     1
         Yara's Violent Un |       |       |       |       |       |     1 ||     1
 Invoke: Serpent's Lash    |       |       |       |     1 |       |       ||     1
Ability: Lunge             |       |       |    14 |    70 |   153 |    42 ||   279
         Whirlwind         |       |       |       |    14 |    58 |     2 ||    74
    Use: Scroll            |       |    11 |    10 |     6 |     5 |     5 ||    37
         Potion            |       |       |       |       |     3 |     2 ||     5
   Stab: Sleeping          |     8 |    22 |    37 |    76 |   214 |    55 ||   412
         Distracted        |       |     1 |     1 |     4 |    17 |     4 ||    27
         Confused          |       |     1 |     5 |     4 |    39 |    11 ||    60
 Armour: Robe              |    37 |    40 |    45 |    69 |   219 |    37 ||   447
  Dodge: Dodged            |   121 |   100 |   140 |   195 |   818 |    92 ||  1466
  Block: Buckler           |       |       |       |       |    86 |    28 ||   114

Table legend: (Time is in decaauts)
 A = Elapsed time spent in this place.
 B = Non-inter-level travel time spent in this place.
 C = Inter-level travel time spent in this place.
 D = Time resting spent in this place.
 E = Time spent auto-exploring this place.
 F = Levels seen in this place.
 G = Mean time per level.
                   A        B        C        D        E       F      G
               +--------+--------+--------+--------+--------+-----+--------+
         Total |  25412 |  23429 |   1983 |   4298 |  12101 |  27 |  941.2 |
       Dungeon |  15586 |  14062 |   1524 |   2331 |   7765 |  15 | 1039.1 |
        Temple |     17 |      5 |     12 |      0 |      0 |   1 |   17.0 |
          Lair |   6117 |   5831 |    286 |   1429 |   2889 |   5 | 1223.4 |
        Shoals |    520 |    512 |      8 |    162 |     40 |   1 |  520.0 |
  Orcish Mines |   2078 |   1927 |    151 |    128 |   1078 |   2 | 1039.0 |
         Sewer |    350 |    350 |      0 |      8 |    160 |   1 |  350.0 |
       Ossuary |    373 |    373 |      0 |     76 |     77 |   1 |  373.0 |
      Gauntlet |    368 |    368 |      0 |    164 |     88 |   1 |  368.0 |
               +--------+--------+--------+--------+--------+-----+--------+

Top non-repeatable levels by time:
  Lair:5: 2328 daAuts
    D:13: 1917 daAuts
    D:11: 1863 daAuts
   Orc:2: 1679 daAuts
    D:15: 1473 daAuts
    D:12: 1397 daAuts
    D:14: 1341 daAuts
  Lair:3: 1341 daAuts
     D:8: 1259 daAuts
  Lair:2: 953 daAuts
    D:10: 947 daAuts
  Lair:4: 850 daAuts
     D:7: 839 daAuts
     D:3: 763 daAuts
     D:1: 721 daAuts
